 Dungeon Crawl Stone Soup version 0.30.1-9-gdf580d7c3d (webtiles) character file.

Game seed: 9634447348161284877

294 Psyclone the Conjurer (level 6, 32/32 HPs)
             Began as a Deep Elf Conjurer on Sept 28, 2023.
             Quit the game on level 3 of the Dungeon.
             The game lasted 00:04:31 (3179 turns).

Psyclone the Conjurer (Deep Elf Conjurer)           Turns: 3179, Time: 00:04:32

Health: 32/32      AC:  3    Str:  4    XL:     6   Next: 11%
Magic:  26/26      EV: 12    Int: 25    God:
Gold:   153        SH:  0    Dex: 13    Spells: 14/17 levels left

rFire   + . .        (no weapon)
rCold   . . .        (no shield)
rNeg    . . .        a - +1 robe
rPois   +            (no helmet)
rElec   .            (no cloak)
rCorr   .            (no gloves)
SInv    .            (no boots)
Will    .....        (no amulet)
Stlth   ++           l - ring of magical power
HPRegen 0.25/turn    m - ring of poison resistance
MPRegen 0.20/turn

%: no passive effects
@: weak-willed, hasted, very quick
A: fire resistance 1
a: no special abilities


You were on level 3 of the Dungeon.
You visited 1 branch of the dungeon, and saw 3 of its levels.

You collected 153 gold pieces.

Inventory:

Armour
 a - a +1 robe (worn)
Jewellery
 l - a ring of magical power (left hand)
 m - a ring of poison resistance (right hand)
Wands
 w - a wand of paralysis (3)
Scrolls
 e - a scroll of torment
 g - a scroll of blinking
Potions
 b - a potion of magic
 c - 2 potions of curing
 f - a potion of haste
 n - 2 potions of cancellation {unknown}
 o - a potion of berserk rage {unknown}
 q - a potion of ambrosia {unknown}
 r - a potion of degeneration {unknown}
 t - 2 potions of lignification {unknown}
 x - a potion of flight {unknown}


   Skills:
 - Level 2.4 Dodging
 - Level 2.4 Stealth
 + Level 6.4 Spellcasting
 + Level 6.5 Conjurations


You had 14 spell levels left.
You knew the following spells:

 Your Spells              Type           Power      Damage    Failure   Level
a - Magic Dart            Conj           100%       1d8       1%          1
b - Searing Ray           Conj           80%        2d7       1%          2

Your spell library contained the following spells:

 Spells                   Type           Power      Damage    Failure   Level
 Dazzling Flash           Conj/Hex       48%        N/A       5%          3
 Beastly Appendage        Tmut           16%        N/A       7%          1
 Wereblood                Tmut           8%         N/A       11%         2
 Fulminant Prism          Conj/Hex       12%        3d8       19%         4
 Iskenderun's Mystic Bla  Conj/Tloc      24%        2d7       19%         4
 Gell's Gravitas          Tloc           8%         N/A       22%         3
 Spider Form              Tmut/Pois      8%         N/A       22%         3
 Teleport Other           Tloc           8%         N/A       22%         3
 Dispersal                Tloc           4%         N/A       100%        6


Dungeon Overview and Level Annotations

Branches:
Dungeon (3/15) Zot: 14814

Altars:
Fedhas
Nemelex Xobeh

Annotations:
D:3 1 runed translucent door, GrumpyGrim72's ghost, amateur DrCj


Innate Abilities, Weirdness & Mutations

Your flesh is heat resistant. (rF+)


Message History

Casting: Magic Dart (safe; 1% risk of failure)
Confirm with . or Enter, or press ? or * to list all spells.
You can't see any susceptible monsters within range! (Use Z to cast anyway.)
You open the door.
There is an open door here.
You open the door.
There is an open door here.
There is a stone staircase leading down here.
There is an open door here.
There is an open door here.
Done exploring.
MP restored: 26 Done exploring.
As you read the scroll labelled QARHOE GEYW, it crumbles to dust.
It is a scroll of identify.
e - a scroll of torment Blink to where?
Press: ? - help, Dir - move target
As you read the scroll labelled OMISED WEANI, it crumbles to dust.
It was a scroll of blinking.
As you read the scroll labelled LAG LIFUSS, it crumbles to dust.
It is a scroll of enchant armour.
Your +0 robe glows green for a moment.
As you read the scroll labelled NYMABYISIN, it crumbles to dust.
You feel momentarily disoriented.
It was a scroll of magic mapping.
As you read the scroll labelled ULAECS LINEIJ, it crumbles to dust.
The scroll dissolves into smoke.
It was a scroll of fog.
As you read the scroll labelled QASAGA FELO, it crumbles to dust.
Magic quickly surges around you.
It was a scroll of vulnerability.
As you read the scroll labelled PUS XOASCHICS, it crumbles to dust.
You feel strangely unstable.
It was a scroll of teleportation.
As you read the scroll labelled ZIGHEM GAPS, it crumbles to dust.
You assume a fearsome visage.
Nothing appears to happen.
It was a scroll of fear.
It was a potion of curing.
You feel better.
It was a potion of haste.
You feel yourself speed up.
It was a potion of mutation.
You feel extremely strange.
You feel resistant to heat.
It was a potion of heal wounds.
You feel much better.
Your surroundings suddenly seem different.
Are you sure you want to abandon this character and quit the game? (Confirm with "yes".)

....)...#.# #.#
#......##.# ##.##
###.......# #.#.#
###.##### ##.## #.#
#.# ##'## #.#
##...## #.#
##.....## ##.#
##.......## ##.@###
#.........####.....#
'^........'........#
#.........####...#.#
##.......## ##.##.#
##....#..## ####.#
##..###..## #.#
###..#####..## #.#
#...###.###..# #.#


There were no monsters in sight!

Vanquished Creatures
  Grinder (D:3)
  2 adders
  2 worms (D:2)
  2 dart slugs (D:1)
  5 orcs
  6 ball pythons
  7 bats
  6 endoplasms
  2 giant cockroaches
  7 goblins
  4 hobgoblins
  7 kobolds
  4 quokkas
  5 frilled lizards
  5 rats
65 creatures vanquished.

Notes
Turn   | Place    | Note
-------+----------+-------------------------------------------
     0 | D:1      | Psyclone the Deep Elf Conjurer began the quest for the Orb.
     0 | D:1      | Reached XP level 1. HP: 10/10 MP: 6/6
   162 | D:1      | Reached XP level 2. HP: 15/15 MP: 6/8
   470 | D:1      | Reached skill level 5 in Conjurations
   579 | D:1      | Reached XP level 3. HP: 19/19 MP: 8/10
   668 | D:1      | Found a faded altar of an unknown god.
  1918 | D:2      | Reached XP level 4. HP: 24/24 MP: 12/12
  2257 | D:3      | Found a sparkling altar of Nemelex Xobeh.
  2356 | D:3      | Found a blossoming altar of Fedhas.
  2399 | D:3      | Reached skill level 5 in Spellcasting
  2451 | D:3      | Found a runed translucent door.
  2451 | D:3      | Noticed GrumpyGrim72's ghost (amateur DrCj)
  2954 | D:3      | Noticed Grinder
  2967 | D:3      | Killed Grinder
  2968 | D:3      | Reached XP level 5. HP: 18/28 MP: 11/15
  2968 | D:3      | Reached XP level 6. HP: 20/32 MP: 11/17
  3016 | D:3      | Learned a level 2 spell: Searing Ray
  3177 | D:3      | Gained mutation: Your flesh is heat resistant. (rF+)
                  | [potion of mutation]
  3179 | D:3      | Quit the game

Illustrated notes

Levels and vault maps discovered:
D:1:      lemuel_arrival_tunnels, layout_basic, nicolae_ecumenical_lake_church,
          minmay_hexomino_u4
D:2:      layout_basic, kennysheep_decorative_pillar, serial_bayou_lagoon_a,
          minmay_misc_feat_rows
D:3:      layout_loops_corners, fedhas_ov_isle_minmay,
          nemelex_diamond_rough_becter, gammafunk_ghost_grave, uniq_grinder

Skill      XL: |  1  2  3  4 |
---------------+-------------+-----
Spellcasting   | 4 6 |  6.4
Conjurations   | 5 6 |  6.5
Dodging        | |  2.4
Stealth        | |  2.4

Action                     |  1- 3 |  4- 6 || total
---------------------------+-------+-------++-------
   Cast: Magic Dart        |    82 |    51 ||   133
    Use: Scroll            |       |     8 ||     8
         Potion            |       |     4 ||     4
 Armour: Robe              |     1 |       ||     1
  Dodge: Dodged            |     2 |     1 ||     3
